 Dungeon Crawl Stone Soup version 0.31-a0-431-g88bdf31460 (webtiles) character file.

Game seed: 16375315082828210534

102 Crownlay the Shooter (level 4, -3/22 HPs)
             Began as a Spriggan Hunter on July 31, 2023.
             Killed by divine providence
             ... invoked by an orc priest
              (14 damage)
             ... on level 3 of the Dungeon.
             The game lasted 00:01:36 (1193 turns).

Crownlay the Shooter (Spriggan Hunter)              Turns: 1193, Time: 00:01:37

Health: -3/22      AC:  2    Str:  7    XL:     4   Next: 50%
Magic:  5/5        EV: 18    Int: 10    God:
Gold:   115        SH:  0    Dex: 20    Spells: 3/3 levels left

rFire   . . .        a - +0 shortbow
rCold   . . .        (shield currently unavailable)
rNeg    . . .        c - +0 robe
rPois   .            (helmet restricted)
rElec   .            (no cloak)
rCorr   .            (gloves unavailable)
SInv    +            (boots unavailable)
Will    .....        (no amulet)
Stlth   ++           (no ring)
HPRegen 0.23/turn    (no ring)
MPRegen 0.09/turn

%: no passive effects
@: very quick
A: very small, no large weapons, unfitting armour, see invisible, speed 3
a: no special abilities


You were on level 3 of the Dungeon.
You visited 1 branch of the dungeon, and saw 3 of its levels.

You collected 115 gold pieces.

Inventory:

Hand Weapons
 a - a +0 shortbow (weapon)
Missiles
 k - a throwing net
Armour
 c - a +0 robe (worn)
Jewellery
 j - a +6 ring of strength
Scrolls
 b - a scroll of butterflies
 d - 4 scrolls of identify {unknown}
 e - a scroll of immolation {unknown}
Potions
 f - a potion of curing {unknown}
 g - 2 potions of haste {unknown}
 h - a potion of enlightenment {unknown}
 i - 3 potions of heal wounds {unknown}


   Skills:
 - Level 1.5 Fighting
 * Level 5.7 Ranged Weapons
 - Level 2.6 Dodging
 - Level 1.5 Stealth
 + Level 1.5 Shapeshifting


You had 3 spell levels left.
You didn't know any spells.
Your spell library contained the following spells:

 Spells                   Type           Power      Damage    Failure   Level
 Blink                    Tloc           0%         N/A       50%         2
 Lesser Beckoning         Tloc           0%         N/A       50%         2
 Momentum Strike          Conj/Tloc      0%         3d8       50%         2
 Volatile Blastmotes      Fire/Tloc      0%         2d10      75%         3
 Fulminant Prism          Conj/Hex       0%         3d5       98%         4
 Iskenderun's Mystic Bla  Conj/Tloc      0%         2d3       98%         4


Dungeon Overview and Level Annotations

Branches:
Dungeon (3/15)

Altars:

Shops:
D:2 :


Innate Abilities, Weirdness & Mutations

You are very small and have problems with some larger weapons.
You are too small for most types of armour.
You have supernaturally acute eyesight. (SInv)
You cover ground extremely quickly. (Speed+++)


Message History

The orc wizard is severely wounded.
You shoot an arrow. The arrow barely misses the orc wizard.
You shoot an arrow. The arrow hits the orc wizard!
You kill the orc wizard!
No target in view!
An orc comes into view. It is wielding a +0 hand axe.
You shoot an arrow. The arrow hits the orc.
The orc shouts!
The orc is lightly wounded.
You shoot an arrow. The arrow closely misses the orc.
An orc priest comes into view. It is wielding a +0 short sword.
You shoot an arrow. The orc priest shouts!
The arrow hits the orc!
You kill the orc!
An orc priest comes into view. It is wielding a +0 club.
You shoot an arrow. The arrow barely misses the orc priest.
The orc priest shouts!
The orc priest calls down the wrath of Beogh upon you.
Beogh smites you!
Ouch! That really hurt!
You are too injured to fight recklessly!
You are too injured to fight recklessly!
Fire: a) +0 shortbow
Press: ? - help, Shift-Dir - straight line, f/p - orc priest
Aim: an orc priest, wielding a +0 short sword (64% to hit)
You shoot an arrow. The arrow hits the orc priest!
The orc priest is heavily wounded.
Fire: a) +0 shortbow
Press: ? - help, Shift-Dir - straight line, f/p - orc priest
Aim: an orc priest, wielding a +0 short sword (heavily wounded, 64% to hit)
You shoot an arrow. The arrow barely misses the orc priest.
Fire: a) +0 shortbow
Press: ? - help, Shift-Dir - straight line, f/p - orc priest
Aim: an orc priest, wielding a +0 short sword (heavily wounded, 64% to hit)
You shoot an arrow. The arrow barely misses the orc priest.
The orc priest mumbles some strange prayers to Beogh against you.
Beogh smites you!
Ouch! That really hurt!
You die...

#. #. #.. ###### #..
#....### ##.##
#.##...### #...#
###.####...######.
#...###......o..@.......
#.).)...#.#######..####.
#...#####.# ..... #...#
#.# o.)...# ##.## #.#
....... #.# #.# )......
#.# #.# ....... #.# #.#
....... #.# .#


You could see 2 orc priests.

Vanquished Creatures
  A jelly (D:3)
  An orc wizard (D:3)
  2 worms (D:2)
  A dart slug (D:1)
  An orc (D:3)
  3 bats
  5 endoplasms
  5 goblins
  4 hobgoblins
  3 jackals (D:3)
  4 kobolds
  4 ball pythons
  2 frilled lizards
  5 rats
41 creatures vanquished.

Notes
Turn   | Place    | Note
-------+----------+-------------------------------------------
     0 | D:1      | Crownlay the Spriggan Hunter began the quest for the Orb.
     0 | D:1      | Reached XP level 1. HP: 10/10 MP: 2/2
    87 | D:1      | Found a faded altar of an unknown god.
   170 | D:1      | Reached XP level 2. HP: 14/14 MP: 3/3
   631 | D:2      | Found Daowajoikk's Book Emporium.
   743 | D:2      | Reached skill level 5 in Ranged Weapons
   765 | D:2      | Reached XP level 3. HP: 18/18 MP: 4/4
  1103 | D:3      | Reached skill level 1 in Shapeshifting
  1103 | D:3      | Reached XP level 4. HP: 22/22 MP: 5/5
  1193 | D:3      | Killed from afar by an orc priest

Illustrated notes

Levels and vault maps discovered:
D:1:      lemuel_arrival_lava_pool, layout_rooms, shapermc_ecumenical_altar_venn
D:2:      layout_basic, serial_shops, nicolae_shop_tiny_real_fake_doors,
          guppyfry_early_lair_pool
D:3:      layout_rooms, minivault_24, dk_vineyard_3, uniq_ijyb

Skill      XL: |  1  2  3 |
---------------+----------+-----
Ranged Weapons | 5 |  5.7
Shapeshifting  | 1 |  1.5
Fighting       | |  1.5
Dodging        | |  2.6
Stealth        | |  1.5

Action                     |  1- 3 |  4- 6 || total
---------------------------+-------+-------++-------
   Fire: Shortbow          |    77 |    33 ||   110
 Armour: Robe              |     3 |       ||     3
  Dodge: Dodged            |    15 |     3 ||    18

Table legend: (Time is in decaauts)
 A = Elapsed time spent in this place.
 B = Non-inter-level travel time spent in this place.
 C = Inter-level travel time spent in this place.
 D = Time resting spent in this place.
 E = Time spent auto-exploring this place.
 F = Levels seen in this place.
 G = Mean time per level.
                   A        B        C        D        E       F      G
               +--------+--------+--------+--------+--------+-----+--------+
         Total |    794 |    768 |     26 |      0 |    597 |   3 |  264.7 |
       Dungeon |    794 |    768 |     26 |      0 |    597 |   3 |  264.7 |
               +--------+--------+--------+--------+--------+-----+--------+

Top non-repeatable levels by time:
     D:2: 405 daAuts
     D:1: 310 daAuts
     D:3: 79 daAuts
